 Dungeon Crawl Stone Soup version 0.29.0-15-g675c0067aa (webtiles) character file.

Game seed: 15027733390161629595

7 qw the Sneak (level 2, -1/19 HPs)
             Began as a Gargoyle Delver on Sept 11, 2022.
             Slain by an adder (4 damage)
             ... on level 5 of the Dungeon.
             The game lasted 00:00:03 (246 turns).

qw the Sneak (Gargoyle Delver)                       Turns: 246, Time: 00:00:03

Health: -1/19      AC:  5    Str: 15    XL:     2   Next: 0%
Magic:  2/2        EV: 11    Int: 10    God:
Gold:   22         SH:  0    Dex: 11    Spells: 1/1 levels left

rFire   . . .      SeeInvis .   Y - +0 hand axe
rCold   . . .      Faith    .   (no shield)
rNeg    + . .      Spirit   .   b - +0 leather armour
rPois   inf        Reflect  .   (no helmet)
rElec   +          Harm     .   (no cloak)
rCorr   .          Rampage  .   (no gloves)
Will    .....                   (no boots)
Stlth   +++.......              (no amulet)
HPRegen 0.06/turn               (no ring)
MPRegen 0.08/turn               (no ring)

@: no status effects
A: sickness immunity, AC +2, negative energy resistance 1, electricity
resistance, torment resistance 1, petrification resistance
a: no special abilities


You were on level 5 of the Dungeon.
You visited 1 branch of the dungeon, and saw 1 of its levels.

You collected 22 gold pieces.


Innate Abilities, Weirdness & Mutations

You are immune to sickness and miasma.
Your stone body is resilient. (AC +2)
You are immune to poison.
You resist negative energy. (rN+)
You are resistant to electric shocks. (rElec)
You are resistant to unholy torment.
You are immune to petrification.


   Skills:
 - Level 3.2 Fighting
 + Level 2.4 Axes
 - Level 1.5 Dodging
 - Level 5.4 Stealth


You had one spell level left.
You didn't know any spells.
Your spell library was empty.

Inventory:

Hand Weapons
 k - a +0 whip
 Y - a +0 hand axe (weapon)
Armour
 b - a +0 leather armour (worn)
Wands
 g - a wand of digging (3)
Scrolls
 c - a scroll of fog
 d - a scroll of magic mapping
 e - a scroll of fear
 i - a scroll of blinking {unknown}
Potions
 f - a potion of haste
 j - a potion of attraction {unknown}

Dungeon Overview and Level Annotations

Branches:
Dungeon (5/15)
 Temple: D:4-7

Altars:


Message History

You start resting.
HP restored.
k - a +0 whip You now have 22 gold pieces (gained 13).
Found a stone staircase leading down.
Enter note:
Found a stone staircase leading up.
Enter note:
234 ||| READING scroll labelled NUOSOL MOBLYEFOA.
As you read the scroll labelled NUOSOL MOBLYEFOA, it crumbles to dust.
You feel strangely unstable.
It was a scroll of teleportation.
You start waiting.
Your surroundings suddenly seem different. 3 orcs, a worm, an iguana and an adder come into view.
An orc is wielding a +1 mace of holy wrath.
Found 5 poisoned darts and a quarterstaff.
Enter note: The orc shouts!
The adder hisses angrily.
You hit the adder.
The adder is moderately wounded.
You closely miss the orc. The orc barely misses you.
The adder closely misses you. The adder bites you but does no damage.
You barely miss the adder.
The adder is moderately wounded.
You barely miss the orc. The adder bites you but does no damage.
The orc hits you with a +0 club.
You hit the adder.
The adder is almost dead.
You hit the orc. You barely miss the orc. You hit the orc but do no damage.
The adder barely misses you.
The orc hits you with a +1 mace of holy wrath.
The orc hits you but does no damage. The orc hits you with a +0 club.
The adder bites you but does no damage.
You barely miss the adder.
The adder is almost dead.
You barely miss the orc. You hit the orc. You closely miss the orc.
The orc hits you with a +1 mace of holy wrath.
The orc hits you with a +0 club. The adder bites you.
You die...

#.## #. #.#. #. #.#. #.
#.#. #. #... #. #.# #...
######.### #.# ##...
...)..o..# #.# ##....
.....lo@.# #.###.....
......So(# #.##..#...
...w.....# #.##.##.##
.........##.###.#..##..
.........##.....#.######
.........######...#
.........######..#######
###########....>.......#
###............#


You could see a worm, an iguana, an adder and 3 orcs.

Vanquished Creatures
  A white imp (D:5)
1 creature vanquished.

Notes
Turn   | Place    | Note
-------+----------+-------------------------------------------
     0 | D:5      | qw the Gargoyle Delver began the quest for the Orb.
     0 | D:5      | Reached XP level 1. HP: 14/14 MP: 1/1
     0 | D:5      | 0 ||| qw: Version: 0.1-a-118-gb4e7ce6
     0 | D:5      | 0 ||| qw: Game counter: 10208
     0 | D:5      | 0 ||| qw: Always use a shield: true
     0 | D:5      | 0 ||| qw: God list: Okawaru
     0 | D:5      | 0 ||| qw: Allow faded altars: false
     0 | D:5      | 0 ||| qw: Do Orc after D:15 true
     0 | D:5      | 0 ||| qw: Do second Lair branch before Depths: true
     0 | D:5      | 0 ||| qw: Lair rune preference: random
     0 | D:5      | 0 ||| qw: Plans: Normal
     0 | D:5      | 0 ||| PLANNING D:1-11
    38 | D:5      | 38 ||| Stepping ~*~*~tactically~*~*~ (hiding).
    39 | D:5      | 39 ||| Stepping ~*~*~tactically~*~*~ (hiding).
    41 | D:5      | 41 ||| Stepping ~*~*~tactically~*~*~ (hiding).
    48 | D:5      | Reached XP level 2. HP: 10/19 MP: 2/2
   234 | D:5      | 234 ||| READING scroll labelled NUOSOL MOBLYEFOA.
   246 | D:5      | HP: 3/19 [orc/+0 club (3)]
   246 | D:5      | Slain by an adder

Levels and vault maps discovered:
D:5:      layout_basic

Skill      XL: |  1 |
---------------+----+-----
Axes           | 2 |  2.4
Fighting       | |  3.2
Dodging        | |  1.5
Stealth        | |  5.4

Action                   || total
-------------------------++-------
Melee: Hand axe          ||     8
  Use: Scroll            ||     1
Armor: Leather armour    ||     4
Dodge: Dodged            ||     5

Table legend:
 A = Non-vault XP
 B = Vault XP
 C = Vault XP percentage of total XP
 D = Non-vault monster count
 E = Vault monster count
 F = Vault count percentage of total count
                 A         B        C        D         E       F
            +---------+---------+-------+---------+---------+-------
      Total |      10 |       0 |   0.0 |       1 |       0 |   0.0
            +---------+---------+-------+---------+---------+-------
        D:5 |      10 |       0 |   0.0 |       1 |       0 |   0.0
            +---------+---------+-------+---------+---------+-------
